 Dungeon Crawl Stone Soup version 0.23-b1-49-g13d5857 (webtiles) character file.

Game seed: 1567929455488106384

7830 Folque the Thaumaturge (level 11, -7/66 HPs)
             Began as an Octopode Wizard on Feb 3, 2019.
             Was an Initiate of Gozag.
             Mangled by a killer bee (10 damage)
             ... on level 11 of the Dungeon.
             The game lasted 01:08:48 (12407 turns).

Folque the Thaumaturge (Octopode Wizard)           Turns: 12407, Time: 01:08:49

Health: -7/66      AC:  2    Str:  7    XL:     11   Next: 21%
Magic:  20/24      EV: 15    Int: 24    God:    Gozag
Gold:   713        SH:  0    Dex: 10    Spells: 11/28 levels left

rFire    x . .     SeeInvis .   F - +5 trident
rCold    + . .     Gourm    .   (no shield)
rNeg     . . .     Faith    .   a - +1 hat
rPois    +         Spirit   .   (no amulet)
rElec    .         Reflect  .   B - ring of resist corrosion
rCorr    +         Harm     .   v - ring of protection from magic
MR       +....                  D - ring of poison resistance
Stlth    +++.......             L - ring of ice
HPRegen  0.21/turn              (no ring)
MPRegen  0.19/turn              (no ring)
                                (no ring)
                                (no ring)

@: no status effects
A: almost no armour, stealthy swim, amphibious, 8 rings, constrict 8, camouflage
1, gelatinous body 1
a: Potion Petition, Call Merchant, Bribe Branch, Renounce Religion


You were on level 11 of the Dungeon.
You worshipped Gozag.
Gozag was pleased with you.
You were not hungry.

You visited 2 branches of the dungeon, and saw 12 of its levels.

You collected 1839 gold pieces.
You spent 350 gold pieces at shops.
You paid 776 gold pieces to Gozag.

Inventory:

Hand Weapons
 b - a +0 hunting sling
 d - a +0 dagger
 j - a +3 short sword of venom
 x - a +1 rapier of protection
 F - a +5 trident (weapon)
 G - the +7 short sword "Nisaros" {antimagic, +Inv rPois Dex+2}
   (You took it off a centaur on level 7 of the Dungeon)

   It reduces the magical energy of the wielder, and disrupts the spells and
   magical abilities of those hit.
   Natural abilities and divine invocations are not affected.
   It affects your dexterity (+2).
   It protects you from poison.
   It lets you turn invisible.
 K - a +1 falchion of holy wrath
Missiles
 f - 117 sling bullets
 h - 2 throwing nets (quivered)
 k - 14 tomahawks of dispersal
 y - 17 poisoned needles
Armour
 a - a +1 hat (worn)
Magical Staves
 O - an uncursed staff of cold
Jewellery
 l - an uncursed amulet of faith {unknown}
 v - a ring of protection from magic (right tentacle)
 w - an uncursed amulet of guardian spirit {unknown}
 B - a ring of resist corrosion (left tentacle)
 D - a ring of poison resistance (on tentacle)
 L - a ring of ice (on tentacle)
Wands
 m - a wand of paralysis (8)
 A - a wand of disintegration (7)
 C - a wand of acid (6)
 M - a wand of digging (5)
Scrolls
 q - 3 scrolls of enchant armour
 r - 9 scrolls of remove curse
 t - 3 scrolls of teleportation
 E - 3 scrolls of magic mapping {unknown}
 H - 2 scrolls of amnesia
 J - a scroll of fog {unknown}
 P - 3 scrolls of identify
Potions
 e - a potion of flight {unknown}
 g - a potion of berserk rage {unknown}
 i - 3 potions of lignification
 n - a potion of curing
 o - 3 potions of heal wounds
 p - a potion of degeneration {unknown}
 s - a potion of haste {unknown}
 u - a potion of agility {unknown}
 z - 3 potions of mutation {unknown}
 I - a potion of ambrosia {unknown}
 N - a potion of brilliance {unknown}
Comestibles
 c - 19 rations


   Skills:
 + Level 2.9 Fighting
 - Level 2.3 Short Blades
 - Level 2.0 Slings
 * Level 6.3 Dodging
 - Level 4.0 Stealth
 - Level 9.1 Spellcasting
 - Level 7.2 Conjurations
 - Level 2.7 Summonings
 - Level 1.0 Translocations
 + Level 7.4 Air Magic
 - Level 2.0 Poison Magic
 - Level 5.0 Evocations


You had 11 spell levels left.
You knew the following spells:

 Your Spells              Type           Power        Failure   Level  Hunger
a - Magic Dart            Conj           ####         1%          1    None
b - Call Imp              Summ           ###.....     2%          2    None
c - Blink                 Tloc           N/A          6%          2    None
d - Mephitic Cloud        Conj/Pois/Air  #####...     1%          3    None
e - Conjure Flame         Conj/Fire      ####....     4%          3    None
f - Lightning Bolt        Conj/Air       #####.....   8%          5    ####...
g - Shock                 Conj/Air       ####         1%          1    None

Your spell library contained the following spells:

 Spells                   Type           Power        Failure   Level  Hunger
 Swiftness                Chrm/Air       ####....     1%          2    None
 Static Discharge         Conj/Air       #####...     1%          3    None
 Airstrike                Air            #####.....   2%          4    ##.....
 Infusion                 Chrm           ##..         6%          1    None
 Shroud of Golubria       Chrm/Tloc      ##........   7%          2    None
 Slow                     Hex            ##......     9%          2    None
 Song of Slaying          Chrm           ##......     9%          2    None
 Regeneration             Chrm/Necr      ##........   17%         3    None
 Spectral Weapon          Hex/Chrm       ##......     17%         3    None


Dungeon Overview and Level Annotations

Branches:
Dungeon (11/15)            Temple (1/1) D:7            Lair (0/6) D:10
    Orc: D:9-12

Altars:
Ashenzari
Cheibriados
Dithmenos
Elyvilon
Fedhas
Gozag
Hepliaklqana
Kikubaaqudgha
Makhleb
Nemelex Xobeh
Okawaru
Qazlal
Ru
Sif Muna
Trog
Uskayaw
Vehumet
Wu Jian
Xom
Yredelemnul
Zin
The Shining One

Shops:
D:4 ==   D:6 %:(*   D:8 }   D:10 :   D:11 (

Annotations:
D:10 Joseph


Innate Abilities, Weirdness & Mutations

You cannot wear most types of armour.
You are very stealthy in the water. (Stealth+)
You are amphibious.
You can wear up to eight rings at the same time.
You can use your tentacles to constrict eight enemies at once.
Your skin changes colour to match your surroundings (Stealth+).
Your rubbery body absorbs attacks. (AC +1, EV +1)


Message History

Casting: Call Imp (safe; 2% risk of failure)
Confirm with . or Enter, or press ? or * to list all spells.
Aiming: Conjure Flame (safe; 4% risk of failure)
Press: ? - help, Dir - move target cursor, p - killer bee The fire ignites!
You constrict the killer bee, but do no damage.
You feel sick. The killer bee stings you!
* * * LOW HITPOINT WARNING * * *
The killer bee stings you.
* * * LOW HITPOINT WARNING * * *
The killer bee stings you!
* * * LOW HITPOINT WARNING * * *
You feel better.
You constrict the killer bee. The killer bee closely misses you.
The killer bee stings you.
* * * LOW HITPOINT WARNING * * *
The killer bee stings you.
* * * LOW HITPOINT WARNING * * *
The killer bee stings you!
You die...
Your body crumbles into a pile of gold.

.........### #..##)###.
##........### ##.###)###.
#####......####..###..)..
#.####..##......###.. #.#
#...#......# ##.
#.########.#####.........# #.
.........................## #.
#.#######..###y...........###.
#.###@.###............
###.yyy§## #....>..#####
#...y#### #.#.#....# #
####.#### ###.#..###.####
#....# #...#.......... #..##.#
##..###.####. .... #y# #..##
#...##. .## #.# ##.## ###....
#.# ###..# ##....


You could see 5 killer bees.

Vanquished Creatures
  Erica (D:8)
  A two-headed ogre (D:7)
  A komodo dragon (D:10)
  A troll (D:6)
  A hippogriff (D:10)
  A wraith (D:10)
  3 wyverns
  4 hogs (D:7)
  Grum (D:8)
  A human (D:7)
  2 water moccasins (D:9)
  A swamp drake (D:10)
  A sky beast (D:11)
  3 orc warriors
  A black bear (D:6)
  3 ice beasts
  4 ogres
  3 phantoms
  2 wolves (D:8)
  6 centaurs
  3 crocodiles
  6 bullfrogs
  A big kobold (D:8)
  Blork the orc (D:5)
  A wyvern zombie (D:8)
  2 scorpions
  3 wights (D:8)
  10 killer bees
  3 crimson imps
  2 hounds
  5 orc priests
  2 gnoll shamans
  2 jellies
  2 bullfrog skeletons
  7 orc wizards
  An iguana (D:4)
  2 worker ants (D:4)
  A killer bee zombie (D:7)
  A worker ant zombie (D:5)
  17 gnolls
  A howler monkey skeleton (D:7)
  7 adders
  2 shadow imps
  4 oozes
  3 adder zombies
  2 adder skeletons
  5 worms
  12 dart slugs
  5 leopard geckos
  33 orcs
  A ball python (D:1)
  2 giant cockroaches
  11 goblins
  12 hobgoblins
  2 jackals (D:3)
  6 quokkas
  7 bats
  4 frilled lizards
  16 kobolds
  A quokka skeleton (D:4)
  7 rats
256 creatures vanquished.

Vanquished Creatures (collateral kills)
  A necrophage (D:6)
  An ogre (D:7)
  A killer bee (D:8)
  A worker ant zombie (D:7)
  2 adders (D:3)
  2 dart slugs (D:5)
  4 orcs
  2 goblins
  3 jackals (D:3)
17 creatures vanquished.

Vanquished Creatures (others)
  3 killer bees (D:9)
  2 gnolls (D:9)
  An adder (D:9)
  An orc (D:9)
7 creatures vanquished.

Grand Total: 280 creatures vanquished

Notes
Turn   | Place    | Note
-------+----------+-------------------------------------------
     0 | D:1      | Folque the Octopode Wizard began the quest for the Orb.
     0 | D:1      | Reached XP level 1. HP: 11/11 MP: 4/4
   177 | D:1      | Reached skill level 1 in Fighting
   213 | D:1      | Reached XP level 2. HP: 18/18 MP: 0/6
   220 | D:1      | Learned a level 2 spell: Call Imp
   223 | D:1      | Learned a level 2 spell: Blink
   298 | D:1      | You fall through a shaft!
   490 | D:2      | Reached XP level 3. HP: 24/24 MP: 7/7
   501 | D:2      | Learned a level 3 spell: Mephitic Cloud
   889 | D:2      | Reached skill level 1 in Poison Magic
  1797 | D:3      | Reached XP level 4. HP: 29/29 MP: 6/9
  2246 | D:3      | Reached skill level 4 in Spellcasting
  2246 | D:3      | Reached XP level 5. HP: 15/34 MP: 9/11
  2903 | D:4      | Found an ancient bone altar of Kikubaaqudgha.
  2933 | D:4      | Reached skill level 1 in Air Magic
  3027 | D:4      | Reached XP level 6. HP: 39/39 MP: 5/12
  3136 | D:4      | Found Vonuamm's Jewellery Emporium.
  3424 | D:4      | Found an opulent altar of Gozag.
  3713 | D:4      | Found Vuorosuchi's Jewellery Emporium.
  3855 | D:5      | Entered Level 5 of the Dungeon
  3867 | D:5      | Noticed Blork the orc
  4213 | D:5      | Reached XP level 7. HP: 44/45 MP: 9/13
  4386 | D:5      | Killed Blork the orc
  4867 | D:6      | Reached skill level 5 in Spellcasting
  4872 | D:6      | Learned a level 3 spell: Conjure Flame
  5154 | D:6      | Found Myoth's Food Boutique.
  5156 | D:6      | Noticed a troll
  5157 | D:6      | Found Damostr Mafa's Antique Weapon Boutique.
  5158 | D:6      | Found Qaemydgh's Assorted Antiques.
  5170 | D:6      | Killed a troll
  5170 | D:6      | Reached XP level 8. HP: 37/50 MP: 4/16
  5196 | D:6      | Reached skill level 5 in Dodging
  5218 | D:6      | Found Fisept's Book Boutique.
  5281 | D:6      | Reached skill level 6 in Spellcasting
  5389 | D:4      | Became a worshipper of Gozag Ym Sagoz the Greedy
  6113 | D:7      | Noticed a two-headed ogre
  6146 | D:7      | Identified the +7 short sword "Nisaros" {antimagic, +Inv
                  | rPois Dex+2}
  6356 | D:8      | Found Ugieg's Gadget Emporium.
  6385 | D:8      | Reached skill level 1 in Evocations
  6432 | D:8      | Reached skill level 1 in Slings
  6432 | D:8      | Reached XP level 9. HP: 54/54 MP: 9/19
  6795 | D:8      | Reached skill level 7 in Spellcasting
  6912 | D:8      | Noticed Erica
  6949 | D:8      | Killed Erica
  6983 | D:8      | Noticed Grum
  7256 | D:8      | Reached skill level 5 in Evocations
  7301 | D:8      | Reached skill level 8 in Spellcasting
  7939 | D:6      | Bought a book of Air for 350 gold pieces
  7945 | D:6      | Learned a level 5 spell: Lightning Bolt
  7947 | D:6      | Learned a level 1 spell: Shock
  8001 | D:7      | Found a shimmering altar of Xom.
  8209 | D:7      | Found a staircase to the Ecumenical Temple.
  8218 | Temple   | Entered the Ecumenical Temple
  8634 | D:7      | Killed a two-headed ogre
  8634 | D:7      | Reached skill level 5 in Conjurations
  8634 | D:7      | Reached XP level 10. HP: 60/60 MP: 4/22
  8744 | D:7      | Reached skill level 5 in Air Magic
  8953 | D:8      | Killed Grum
 10395 | D:10     | Entered Level 10 of the Dungeon
 10472 | D:10     | Noticed Joseph
 11043 | D:10     | Reached skill level 9 in Spellcasting
 11169 | D:10     | Found a staircase to the Lair.
 11196 | D:10     | Reached XP level 11. HP: 35/64 MP: 14/24
 11532 | D:10     | Reached skill level 1 in Short Blades
 12111 | D:11     | Found Zuukk's Antique Weapon Shoppe.
 12407 | D:11     | HP: 3/66 [killer bee (4)]
 12407 | D:11     | Mangled by a killer bee

Skill      XL: |  1  2  3  4  5  6  7  8  9 10 11 |
---------------+----------------------------------+-----
Fighting       | 1 2 |  2.9
Poison Magic   | 2 |  2.0
Conjurations   | 2 3 4 5 7 |  7.2
Spellcasting   | 4 5 6 8 9 |  9.1
Stealth        | 3 4 |  4.0
Air Magic      | 1 2 4 7 |  7.4
Dodging        | 4 6 |  6.3
Summonings     | 2 |  2.7
Evocations     | 1 5 |  5.0
Slings         | 1 2 |  2.0
Short Blades   | 2 |  2.3
Translocations | |  1.0

Action                   |  1- 3 |  4- 6 |  7- 9 | 10-12 || total
-------------------------+-------+-------+-------+-------++-------
Melee: Dagger            |    13 |       |       |       ||    13
       Unarmed           |     6 |       |       |       ||     6
       Constrict         |    21 |    25 |    35 |    31 ||   112
       Tentacles         |    10 |    16 |    31 |    18 ||    75
       Short sword       |    49 |    98 |   163 |   126 ||   436
       Hunting sling     |       |       |     2 |       ||     2
       Falchion          |       |       |       |    10 ||    10
       Trident           |       |       |       |    26 ||    26
 Fire: Hunting sling     |       |       |    61 |    55 ||   116
 Cast: Magic Dart        |     8 |    21 |    68 |    10 ||   107
       Call Imp          |     1 |     3 |    32 |     4 ||    40
       Mephitic Cloud    |       |    11 |    32 |    14 ||    57
       Blink             |       |     1 |     8 |    10 ||    19
       Conjure Flame     |       |       |    13 |    15 ||    28
       Lightning Bolt    |       |       |     1 |    19 ||    20
       Shock             |       |       |       |    37 ||    37
Invok: Call Merchant     |       |       |       |     1 ||     1
Evoke: Wand              |       |       |     2 |       ||     2
  Use: Scroll            |     2 |     4 |    10 |     2 ||    18
       Potion            |       |       |     3 |     3 ||     6
 Stab: Sleeping          |    14 |     5 |    12 |     4 ||    35
       Confused          |       |       |     6 |     6 ||    12
       Distracted        |       |       |     1 |     2 ||     3
  Eat: Chunk             |     3 |     8 |     5 |       ||    16
       Ration            |       |       |     3 |     5 ||     8
Armor: Skin              |     7 |     6 |     8 |    39 ||    60
Dodge: Dodged            |    38 |    58 |   137 |    99 ||   332
       Rpst.: Falchion   |       |       |       |     1 ||     1
